 Dungeon Crawl Stone Soup version 0.28-a0-863-g8cecda6153 (webtiles) character file.

Game seed: 10568617519391417814

75084 jasper the Severer (level 15, -9/147 HPs)
             Began as a Gargoyle Fighter on Nov 16, 2021.
             Was the Champion of Lugonu.
             Mangled by an orc warlord (20 damage)
             ... on level 2 of the Orcish Mines on Nov 17, 2021.
             The game lasted 00:44:19 (25991 turns).

jasper the Severer (Gargoyle Fighter)              Turns: 25991, Time: 00:44:20

Health: -9/147     AC: 46    Str: 21    XL:     15   Next: 48%
Magic:  7/7        EV: 12    Int: 12    God:    Lugonu [******]
Gold:   422        SH:  5    Dex: 14    Spells: 14/14 levels left

rFire   + . .      SeeInvis .   N - +8 Wrath of Trog {antimagic, *Rage Rampage}
rCold   . . .      Faith    .   (shield currently unavailable)
rNeg    + . .      Spirit   .   s - +7 chain mail of the Blizzard {Stlth+}
rPois   ∞          Reflect  +   u - +2 helmet {Int+3}
rElec   +          Harm     .   O - +0 cloak {Will+}
rCorr   +          Rampage  +   o - +2 pair of gloves {archery}
Will    ++...      Rage     50% D - +1 pair of boots
Stlth   ..........              i - amulet of the Smoking Genius {Reflect rF+ rCorr SH+5}
HPRegen 0.34/turn               Q - +4 ring of protection
MPRegen 0.10/turn               S - +4 ring of evasion

@: berserking, flying, studying Axes, very quick
A: sickness immunity, AC +11, big wings, negative energy resistance 1,
electricity resistance, torment resistance 1, petrification resistance
a: Renounce Religion, Depart the Abyss, Bend Space, Banish, Corrupt, Enter the
Abyss, Brand Weapon With Distortion


You were on level 2 of the Orcish Mines.
You worshipped Lugonu.
Lugonu was exalted by your worship.
You visited 3 branches of the dungeon, and saw 20 of its levels.
You visited the Abyss 1 time.
You also visited: Bailey.

You collected 2598 gold pieces.
You spent 2176 gold pieces at shops.

Inventory:

Hand Weapons
 E - a +1 battleaxe
 F - the +1 executioner's axe of Doom {spect, Str+4 Int+3}
   (You found it on level 1 of the Orcish Mines)

   When its wielder attacks, the weapon's spirit leaps out and strikes again.
   The spirit shares a part of any damage it takes with its wielder.
   Str:       It affects your strength (+4).
   Int:       It affects your intelligence (+3).
 H - a +3 battleaxe
 N - the +8 Wrath of Trog (weapon) {antimagic, *Rage Rampage}
   (You found it on level 1 of the Orcish Mines)

   It reduces the magical energy of the wielder, and disrupts the spells and
   magical abilities of those it strikes.
   Natural abilities and divine invocations are not affected.
   It causes slowness and exhaustion when equipped.
   It extends the wielder's berserk rage when killing foes.
   *Rage:     It berserks you when you make melee attacks (+50% chance).
   Rampage:   It bestows one free step when moving towards enemies.
Missiles
 e - 77 poisoned darts (quivered)
 f - 584 stones
 h - 8 javelins
 k - 14 boomerangs
 G - 2 silver boomerangs
 M - 7 throwing nets
 X - 4 curare-tipped darts
Armour
 d - a scarf of repulsion
 o - a +2 pair of gloves of archery (worn)
 s - the +7 chain mail of the Blizzard (worn) {Stlth+}
   (You found it on level 1 of the Orcish Mines)

   Stlth:     It makes you more stealthy.
 u - a +2 helmet of intelligence (worn)
 D - a +1 pair of boots (worn)
 O - a +0 cloak of willpower (worn)
Jewellery
 a - the amulet "Bodwiyck" {Acrobat rN++ Str+2 Int-5}
   (You bought it in a shop on level 2 of the Orcish Mines)

   [amulet of the acrobat]

   It increases your evasion while moving and waiting.
   Str:       It affects your strength (+2).
   Int:       It affects your intelligence (-5).
   rN:        It greatly protects you from negative energy.
 i - the amulet of the Smoking Genius (around neck) {Reflect rF+ rCorr SH+5}
   (You bought it in a shop on level 2 of the Orcish Mines)

   [amulet of reflection]

   It reflects blocked missile attacks.
   rF:        It protects you from fire.
   rCorr:     It protects you from acid and corrosion.
   SH:        It affects your SH (+5).
 j - a ring of resist corrosion
 l - a ring of protection from fire
 n - a ring of protection from cold
 w - the ring of the Forsaken Places {rPois rC- rN++}
   (You found it on level 5 of the Lair of Beasts)

   [ring of poison resistance]

   rC:        It makes you vulnerable to cold.
   rPois:     It protects you from poison.
   rN:        It greatly protects you from negative energy.
 z - a ring of willpower
 Q - a +4 ring of protection (left hand)
 S - a +4 ring of evasion (right hand)
Wands
 b - a wand of paralysis (9)
 m - a wand of flame (38)
 v - a wand of mindburst (27)
 A - a wand of digging (4)
 J - a wand of iceblast (5)
 L - a wand of polymorph (9)
 W - a wand of acid (6)
Scrolls
 g - 11 scrolls of teleportation
 y - 2 scrolls of enchant armour
 B - a scroll of fear
 C - a scroll of brand weapon
 K - 6 scrolls of fog
 U - 2 scrolls of magic mapping
 Y - a scroll of blinking
Potions
 c - a potion of invisibility
 p - a potion of cancellation
 t - a potion of heal wounds
 x - a potion of magic
 I - 4 potions of lignification
 P - a potion of resistance {unknown}
 V - 3 potions of curing
Miscellaneous
 r - a box of beasts
 T - a lightning rod (4/4)
 Z - a condenser vane


   Skills:
 * Level 13.0 Fighting
 - Level 20.0 Axes
 + Level 12.5 Armour
 + Level 0.3 Dodging
 - Level 3.2 Shields
 - Level 9.0 Invocations
 + Level 0.5 Evocations


You had 14 spell levels left.
You didn't know any spells.
Your spell library contained the following spells:

 Spells                   Type           Power      Damage    Failure   Level
 Beastly Appendage        Tmut           0%         N/A       88%         1
 Freeze                   Ice            0%         1d3       88%         1
 Magic Dart               Conj           0%         1d3       88%         1
 Sandblast                Erth           0%         2d4       88%         1
 Call Imp                 Summ           0%         N/A       96%         2
 Passwall                 Tmut/Erth      0%         N/A       96%         2
 Scorch                   Fire           0%         2d5       96%         2
 Searing Ray              Conj           0%         2d4       96%         2
 Wereblood                Tmut           0%         N/A       96%         2
 Frozen Ramparts          Ice            0%         1d2       99%         3
 Ignite Poison            Fire/Tmut/Pois 0%         N/A       99%         3
 Inner Flame              Hex/Fire       0%         N/A       99%         3
 Mephitic Cloud           Conj/Pois/Air  0%         N/A       99%         3
 Spider Form              Tmut/Pois      0%         N/A       99%         3
 Stone Arrow              Conj/Erth      0%         3d7       99%         3
 Airstrike                Air            0%         N/A       100%        4
 Fulminant Prism          Conj/Hex       0%         3d6       100%        4
 Hailstorm                Conj/Ice       0%         3d3       100%        4
 Summon Lightning Spire   Summ/Air       0%         N/A       100%        4
 Fireball                 Conj/Fire      0%         3d3       100%        5
 Freezing Cloud           Conj/Ice/Air   0%         6-21      100%        5
 Lightning Bolt           Conj/Air       0%         1d11      100%        5
 Metabolic Englaciation   Hex/Ice        0%         N/A       100%        5
 Dispersal                Tloc           0%         N/A       100%        6
 Starburst                Conj/Fire      0%         6d3       100%        6
 Ozocubu's Refrigeration  Ice            0%         4d5       100%        7
 Borgnjor's Revivificati  Necr           0%         N/A       100%        8
 Necromutation            Tmut/Necr      0%         N/A       100%        8
 Death's Door             Necr           0%         N/A       100%        9


Dungeon Overview and Level Annotations

Branches:
Dungeon (12/15)            Temple (0/1) D:5            Lair (6/6) D:9
  Swamp (0/4) Lair:4       Spider (0/4) Lair:4          Orc (2/2) D:11
 Bailey (visited)
  Slime: Lair:5-6       Elf: Orc:2

Altars:
Ashenzari
Dithmenos
Elyvilon
Fedhas
Okawaru
Qazlal
Ru
Trog
Vehumet
Xom
Zin
The Shining One
Jiyva

Shops:
D:4 [**   Orc:2 [*=

Annotations:
Lair:1 3 runed translucent doors, Epnefrie's ghost, journeyman DjFE
Orc:2 1 runed translucent door
Abyss:1 Erolcha; Harold; Josephine


Innate Abilities, Weirdness & Mutations

You are immune to sickness and miasma.
Your stone body is resilient. (AC +11)
You are immune to poison.
Your large and strong wings let you fly.
You resist negative energy. (rN+)
You are resistant to electric shocks. (rElec)
You are resistant to unholy torment.
You are immune to petrification.


Message History

You closely miss the orc. You slash the ogre! You block the ogre's attack.
The orc warlord hits you with a +0 great sword!
* * * LOW HITPOINT WARNING * * *
You take 10 damage, and have 17/147 hp.
You are too berserk!
Unknown command.
You slash the orc warlord!
The orc warlord is moderately wounded.
You slice the orc!!
You kill the orc!
Lugonu accepts your kill.
You slice the ogre!!
You kill the ogre!
Lugonu accepts your kill. Something hits you.
* * * LOW HITPOINT WARNING * * *
You take 6 damage, and have 11/147 hp.
You barely miss the orc warlord.
The orc warlord is moderately wounded.
You slice the warg!! You hit the ogre. You hit the two-headed ogre.
The orc warlord roars a battlecry!
The orc goes into a battle-frenzy!
You slash the orc warlord!
The orc warlord is moderately wounded.
You slash the warg!
You feel the ancient rage of your axe.
You kill the warg!
Lugonu accepts your kill.
You hit the ogre. You barely miss the two-headed ogre.
The ogre closely misses you.
The orc sorcerer gestures at you while chanting.
The bolt of fire hits you but does no damage.
Something hits you but does no damage.
You slice the orc warlord!!
The orc warlord is heavily wounded.
You slice the ogre!!
You feel the ancient rage of your axe.
You kill the ogre!
Lugonu accepts your kill.
You slash the two-headed ogre!
The orc warlord hits you with a +0 great sword!!
You die...

............# ......
..............###$.....#
.......................#
.......................#
.............$.........#
..o....................#
......o......#.....##..#
....o.)o).).......#.#..#
..###@O###............
##)O))###..#....#...
#.{))).##..#.).)....
#.)))..##..##†)))...
#........#..####)#..8
#........#..# ##.#.8.
#........#..# #.....8
#........# ##.....
#........# #...#..


You could see an orc warlord, a two-headed ogre, an orc sorcerer (strong), an
ogre and 2 orcs.

Vanquished Creatures
  A stone giant (Orc:1)
  Snorg (Lair:5)
  Fannar (Lair:3)
  2 catoblepae
  A boulder beetle (D:8)
  3 ogre magi (Orc:2)
  3 death yaks (Lair:5)
  15 two-headed ogres
  The ghost of Zenkrye the Sculptor of Flesh, a novice OgTm of Yredelemnul (D:6)
  Sonja (Lair:1)
  Nergalle (Lair:1)
  A deep troll (Orc:1)
  3 bog bodies (Lair:4)
  4 orc knights
  A deep elf pyromancer (D:12)
  3 orc sorcerers
  3 cyclopes
  13 elephants
  2 torpor snails (Lair:5)
  4 black mambas
  8 cane toads
  A rime drake (Lair:2)
  A yaktaur (D:10)
  8 komodo dragons
  2 unseen horrors
  A silent spectre (Orc:1)
  13 trolls
  Grinder (D:3)
  7 blink frogs
  A vampire (D:9)
  Sigmund (D:5)
  3 shadows
  2 wraiths (D:12)
  50 yaks
  A redback (Lair:4)
  11 wyverns
  3 basilisks
  A fire bat (D:9)
  A steam dragon (D:9)
  Menkaure (D:4)
  2 swamp worms (Lair:4)
  2 vampire mosquitoes (D:10)
  Grum (Lair:1)
  8 wargs
  2 acid dragons (D:10)
  20 water moccasins
  Duvessa (D:5)
  20 orc warriors
  2 sky beasts
  4 black bears
  An ice beast (D:6)
  4 boggarts (Lair:5)
  27 ogres
  4 centaurs
  14 wolves
  A phantom (D:6)
  Blork the orc (D:5)
  A kobold brigand (D:7)
  6 bullfrogs
  A wyvern zombie (D:6)
  3 scorpions
  A water moccasin zombie (D:7)
  8 gnoll sergeants (Bailey)
  Dowan (D:5)
  2 killer bees (D:9)
  9 wights
  3 howler monkeys (D:12)
  2 electric eels (Lair:4)
  4 crimson imps (D:10)
  6 hounds
  Crazy Yiuf (D:5)
  4 centaur zombies
  6 gnoll shamans (Bailey)
  3 jellies
  17 orc priests
  A centaur skeleton (D:5)
  2 iguanas
  Natasha (twice) (D:2)
  28 orc wizards
  Robin (D:3)
  24 gnolls
  A howler monkey skeleton (D:5)
  A howler monkey zombie (D:9)
  11 adders
  A shadow imp (D:6)
  3 white imps
  An adder skeleton (D:5)
  A worm (D:2)
  3 dart slugs
  86 orcs
  5 ball pythons
  5 bats
  9 endoplasms
  3 giant cockroaches
  15 goblins
  14 hobgoblins
  13 kobolds
  3 quokkas
  5 rats
  A butterfly (Lair:5)
612 creatures vanquished.

Vanquished Creatures (collateral kills)
  An orc warrior (Orc:1)
1 creature vanquished.

Vanquished Creatures (others)
  29 fungi
  36 plants
65 creatures vanquished.

Grand Total: 678 creatures vanquished

Notes
Turn   | Place    | Note
-------+----------+-------------------------------------------
     0 | D:1      | jasper the Gargoyle Fighter began the quest for the Orb.
     0 | D:1      | Reached XP level 1. HP: 14/14 MP: 1/1
    31 | D:1      | Reached skill level 2 in Axes
   273 | D:1      | Reached XP level 2. HP: 19/19 MP: 2/2
   484 | D:1      | Reached XP level 3. HP: 23/23 MP: 3/3
   545 | D:1      | Found a faded altar of an unknown god.
  1154 | D:2      | Noticed Natasha
  1162 | D:2      | Killed Natasha
  1163 | D:2      | Reached skill level 3 in Axes
  1163 | D:2      | Reached XP level 4. HP: 29/29 MP: 4/4
  1414 | D:2      | Reached XP level 5. HP: 30/33 MP: 5/5
  1531 | D:2      | Noticed Natasha
  1543 | D:2      | Killed Natasha
  1959 | D:3      | Reached skill level 4 in Axes
  1970 | D:3      | Reached XP level 6. HP: 16/39 MP: 6/6
  2303 | D:3      | Found a radiant altar of Vehumet.
  2364 | D:3      | Noticed Grinder
  2367 | D:3      | Paralysed by Grinder for 5 turns
  2375 | D:3      | Killed Grinder
  2376 | D:3      | Reached skill level 5 in Fighting
  2376 | D:3      | Reached skill level 5 in Armour
  2376 | D:3      | Reached XP level 7. HP: 44/44 MP: 7/7
  2619 | D:3      | Noticed Robin
  2632 | D:3      | Killed Robin
  2821 | D:3      | Found a sacrificial altar of Ru.
  2917 | D:3      | Reached skill level 5 in Axes
  2956 | D:3      | Became a worshipper of Ru the Awakened
  3116 | D:4      | Got the Tome of the Blistering Frostbite
  3175 | D:4      | Found Boit's Antique Armour Shoppe.
  3288 | D:4      | Found a bloodstained altar of Trog.
  3369 | D:4      | Found Qyoloam's Assorted Antiques.
  3378 | D:4      | Bought a scroll labelled MUISSU KOCUEP for 27 gold pieces
  3378 | D:4      | Bought 2 yellow potions for 48 gold pieces
  3378 | D:4      | Bought a scroll labelled HISCHUWOCRE for 27 gold pieces
  3378 | D:4      | Bought a scroll labelled MUONEMN NUUXI for 27 gold pieces
  3545 | D:4      | Found Jiretag's Assorted Antiques.
  3654 | D:4      | Bought an emerald potion for 28 gold pieces
  3654 | D:4      | Bought a silvery potion for 28 gold pieces
  4284 | D:4      | Noticed Menkaure
  4289 | D:4      | Killed Menkaure
  4656 | D:5      | Entered Level 5 of the Dungeon
  4669 | D:5      | Cast into level 1 of the Abyss (gnoll)
  4669 | Abyss:1  | Found a corrupted altar of Lugonu.
  4677 | Abyss:1  | Fell from the grace of Ru
  4677 | Abyss:1  | Became a worshipper of Lugonu the Unformed
  4677 | Abyss:1  | Reached * piety under Lugonu
  4699 | Abyss:1  | Noticed a large abomination
  4702 | Abyss:1  | Noticed a tentacled starspawn
  4702 | D:5      | Escaped the Abyss
  4956 | D:5      | Noticed Sigmund
  4978 | D:5      | Killed Sigmund
  4979 | D:5      | Reached skill level 6 in Axes
  4979 | D:5      | Reached XP level 8. HP: 42/51 MP: 8/8
  5121 | D:5      | Found a glowing silver altar of Zin.
  5205 | D:5      | Found a staircase to the Ecumenical Temple.
  5254 | D:5      | Noticed Dowan
  5255 | D:5      | Noticed Duvessa
  5518 | D:6      | Found a transporter.
  5529 | D:6      | Noticed Zenkrye's ghost (novice OgTm)
  5531 | D:6      | Noticed a komodo dragon
  5532 | D:6      | Found a transporter.
  5805 | D:6      | Reached skill level 7 in Axes
  5807 | D:6      | Identified the +1 whip of the Iron City of Dis {venom,
                  | Dex+2 Stlth+}
  6195 | D:7      | Reached XP level 9. HP: 38/56 MP: 9/9
  6226 | D:7      | Killed an unseen horror
  6439 | D:7      | Reached skill level 8 in Axes
  6623 | D:7      | Found a glowing golden altar of the Shining One.
  6852 | D:7      | Found a blossoming altar of Fedhas.
  6895 | D:7      | Found a stormy altar of Qazlal.
  7288 | D:8      | Noticed a boulder beetle
  7309 | D:9      | Reached ** piety under Lugonu
  7422 | D:9      | Reached skill level 9 in Axes
  7428 | D:9      | Reached XP level 10. HP: 45/64 MP: 10/10
  7806 | D:9      | Found a staircase to the Lair.
  7883 | D:9      | Found a broken altar of Ashenzari.
  8191 | D:9      | Reached skill level 10 in Axes
  8829 | D:9      | Reached *** piety under Lugonu
  9296 | D:10     | Entered Level 10 of the Dungeon
  9468 | D:10     | Found a flagged portal.
  9485 | Bailey   | Entered a bailey
  9570 | Bailey   | Reached skill level 1 in Invocations
  9781 | Bailey   | Reached XP level 11. HP: 60/71 MP: 10/12
 11237 | D:10     | Got the Grimoire of the Fiery Traveller
 11265 | D:10     | Noticed a two-headed ogre
 11271 | D:10     | Killed a two-headed ogre
 11272 | D:10     | Reached skill level 5 in Invocations
 11470 | D:10     | Found a shimmering altar of Xom.
 12204 | D:11     | Noticed a two-headed ogre
 12209 | D:11     | Banished a two-headed ogre
 12613 | D:11     | Reached **** piety under Lugonu
 12756 | D:11     | Found a staircase to the Orcish Mines.
 13033 | D:11     | Reached skill level 11 in Axes
 13249 | D:12     | Noticed a cyclops
 13256 | D:12     | Killed a cyclops
 13833 | D:12     | Found the +6 shillelagh "Devastator" {shatter}
 13836 | D:12     | Noticed a stone giant
 13840 | D:12     | Banished a stone giant
 13841 | D:12     | Reached XP level 12. HP: 77/77 MP: 13/18
 13852 | D:12     | Reached skill level 10 in Fighting
 13956 | D:12     | Reached skill level 10 in Armour
 13956 | D:12     | Noticed a two-headed ogre
 14388 | D:12     | Banished a two-headed ogre
 14416 | D:12     | Noticed Erolcha
 14417 | D:12     | Banished Erolcha
 14420 | D:12     | Noticed Josephine
 14421 | D:12     | Banished Josephine
 14422 | D:12     | Reached skill level 12 in Axes
 14700 | D:12     | Noticed a two-headed ogre
 14701 | D:12     | Banished a two-headed ogre
 14802 | D:12     | Noticed a boulder beetle
 14803 | D:12     | Banished a boulder beetle
 14870 | Lair:1   | Entered Level 1 of the Lair of Beasts
 14879 | Lair:1   | Noticed Nergalle
 14994 | Lair:1   | Killed Nergalle
 15125 | Lair:1   | Noticed Grum
 15147 | Lair:1   | Killed Grum
 15292 | Lair:1   | Found a runed translucent gate.
 15292 | Lair:1   | Found a runed translucent gate.
 15292 | Lair:1   | Found a runed translucent gate.
 15295 | Lair:1   | Noticed Epnefrie's ghost (journeyman DjFE)
 15361 | Lair:1   | Noticed Sonja
 15385 | Lair:1   | Killed Sonja
 15386 | Lair:1   | Reached skill level 13 in Axes
 15548 | Lair:1   | Noticed Harold
 15550 | Lair:1   | Banished Harold
 15551 | Lair:1   | Reached XP level 13. HP: 79/84 MP: 10/19
 16141 | Lair:1   | Found a viscous altar of Jiyva.
 16322 | D:5      | Killed Dowan
 16334 | D:5      | Killed Duvessa
 16362 | D:4      | Bought a copper wand for 108 gold pieces
 16421 | D:4      | Bought a shiny helmet for 240 gold pieces
 16421 | D:4      | Bought a scroll of fear for 112 gold pieces
 16542 | D:4      | Bought a pair of runed gloves for 195 gold pieces
 16542 | D:4      | Bought a crude buckler for 247 gold pieces
 16542 | D:4      | Identified the +5 buckler of the Postmodern Beggars {+Inv
                  | Str-4 Int+7} (You bought it in a shop on level 4 of the
                  | Dungeon)
 16704 | D:5      | Found a shadowy altar of Dithmenos.
 16708 | D:5      | Found a white marble altar of Elyvilon.
 16823 | D:5      | Found a runed translucent door.
 16824 | D:5      | Noticed Crazy Yiuf
 16833 | D:5      | Noticed Blork the orc
 16841 | D:5      | Killed Blork the orc
 16858 | D:5      | Killed Crazy Yiuf
 17049 | D:6      | Killed Zenkrye's ghost
 17438 | D:8      | Found an iron altar of Okawaru.
 18679 | Lair:2   | Reached skill level 14 in Axes
 19110 | Lair:3   | Noticed Fannar
 19133 | Lair:3   | Killed Fannar
 20938 | Lair:4   | Found a hole to the Spider Nest.
 20997 | Lair:4   | Gained mutation: Your large and strong wings let you fly.
                  | [Gargoyle growth]
 20997 | Lair:4   | Reached XP level 14. HP: 92/92 MP: 15/20
 21059 | Lair:4   | HP: 3/92 [bog body (26)]
 21437 | Lair:4   | Found a staircase to the Swamp.
 21448 | Lair:4   | Reached skill level 15 in Axes
 22780 | Lair:5   | Noticed Snorg
 22800 | Lair:5   | Killed Snorg
 22956 | Lair:5   | Reached skill level 16 in Axes
 23492 | Lair:5   | Identified the ring of the Forsaken Places {rPois rC- rN++}
 23708 | Lair:6   | Entered Level 6 of the Lair of Beasts
 24378 | Orc:1    | Entered Level 1 of the Orcish Mines
 24513 | Orc:1    | Found a transporter.
 24965 | Orc:1    | Found a transporter.
 24968 | Orc:1    | Found a runed translucent door.
 24968 | Orc:1    | Found a bloodstained altar of Trog.
 24968 | Orc:1    | Found the +8 Wrath of Trog {antimagic, *Rage Rampage}
 24973 | Orc:1    | Noticed a deep elf demonologist
 24975 | Orc:1    | Noticed a deep elf elementalist
 24982 | Orc:1    | Noticed a stone giant
 24996 | Orc:1    | Reached skill level 17 in Axes
 24997 | Orc:1    | Killed a stone giant
 25075 | Orc:1    | Identified the +7 chain mail of the Blizzard {Stlth+}
 25076 | Orc:1    | Identified the +1 executioner's axe of Doom {spect, Str+4
                  | Int+3}
 25433 | Orc:1    | Noticed a deep elf demonologist
 25433 | Orc:1    | Noticed a deep elf elementalist
 25438 | Orc:1    | Noticed a deep elf annihilator
 25601 | Orc:2    | Entered Level 2 of the Orcish Mines
 25610 | Orc:2    | Reached ***** piety under Lugonu
 25635 | Orc:2    | Reached XP level 15. HP: 98/98 MP: 7/21
 25725 | Orc:2    | Found a runed translucent door.
 25725 | Orc:2    | Found Wogi's Jewellery Shoppe.
 25734 | Orc:2    | Bought the amulet "Bodwiyck" {Acrobat rN++ Str+2 Int-5} for
                  | 494 gold pieces
 25734 | Orc:2    | Bought the amulet of the Smoking Genius {Reflect rF+ rCorr
                  | SH+5} for 595 gold pieces
 25935 | Orc:2    | Reached skill level 18 in Axes
 25943 | Orc:2    | Found Toghof's Armour Emporium.
 25943 | Orc:2    | Found Feocosoz's General Store.
 25951 | Orc:2    | Reached skill level 19 in Axes
 25972 | Orc:2    | Noticed an orc warlord
 25974 | Orc:2    | Reached ****** piety under Lugonu
 25982 | Orc:2    | Reached skill level 20 in Axes
 25991 | Orc:2    | Mangled by an orc warlord

Illustrated notes

Levels and vault maps discovered:
D:1:      minmay_arrival_shoal_huts, layout_rooms,
          shapermc_ecumenical_altar_mp_urbaneastern, st_stairs_1
D:2:      layout_loops_ring, minmay_misc_feat_hallway, st_stairs_13,
          palyth_stone_intersect, kennysheep_big_empty_room, uniq_natasha
D:3:      kennysheep_big_flooded_room, layout_basic,
          mainiacjoe_overflow_concentric_impassable, vehumet_crystals,
          uniq_robin, uniq_grinder
D:4:      wad_lake_hut, layout_layer_cave, mainiacjoe_overflow_24_doors,
          serial_shops, nicolae_inconvenience_store, nicolae_shop_waterfront,
          nicolae_square_shop, hangedman_abyss_or_decor_passed, uniq_menkaure
D:5:      layout_cave_pools, old_standard_altar, nicolae_overflow_hidden_temple,
          minmay_temple_entry_statues_fountains, uniq_blork_the_orc,
          uniq_crazy_yiuf_cottage, uniq_sigmund, uniq_duvessa
D:6:      layout_basic, gammafunk_ghost_arena
D:7:      layout_rooms, overflow_temple_1_default, jmf_multi_god_temple
D:8:      layout_rooms, mainiacjoe_overflow_alcove_4, minmay_curled_crystal
D:9:      minmay_thinvault, layout_loops_cross, ashenzari_altar_1,
          minmay_lair_entry_grove, nzn_life_drinkers
D:10:     layout_roguey, led_xom_imps, enter_bailey_2,
          small_chamber_with_monster, patterned_corridor
D:11:     layout_roguey, hiddenorc2_lemuel
D:12:     minmay_roctagon, layout_gridville, minmay_misc_feat_tower,
          roderic_batcave, uniq_erolcha, uniq_josephine
Lair:1:   layout_loops_ring, gammafunk_ghost_ooze, uniq_harold, uniq_nergalle,
          uniq_grum, uniq_sonja
Lair:2:   layout_roguey, nzn_random_ring
Lair:3:   layout_regular_city, minivault_26, uniq_fannar
Lair:4:   layout_gridlike, nicolae_swamp_entry_splash_gauntlet,
          spider_nest_entry_rubble, infiniplex_staircase_pool,
          serial_bayou_shore_b
Lair:5:   layout_regular_city, kilobyte_rumbling_trees, grunt_megastairs_4,
          lemuel_fruit_fields, lemuel_fruit_fields, uniq_snorg
Lair:6:   evil_forest, layout_misc_corridors, slime_altar_1,
          hellmonk_guarded_unrand_seven_league_boots
Orc:1:    emtedronai_trogs_sanctum, layout_diamond_mine, mines5_lemuel
Orc:2:    st_orc_ogre_mass, layout_caves, serial_shops, nicolae_diamond_shop,
          chequers_guarded_unrand_ignorance

Skill      XL: |  1  2  3  4  5  6  7  8  9 10 11 12 13 14 15 |
---------------+----------------------------------------------+-----
Axes           | 2 3 4 6 7 9 10 11 13 14 17 20 | 20.0
Fighting       | 4 5 6 8 9 11 12 13 | 13.0
Armour         | 4 5 6 8 9 11 12 | 12.5
Invocations    | 1 9 |  9.0
Dodging        | |  0.3
Shields        | |  3.2
Evocations     | |  0.5

Action                   |  1- 3 |  4- 6 |  7- 9 | 10-12 | 13-15 || total
-------------------------+-------+-------+-------+-------+-------++-------
Melee: War axe           |    84 |    85 |   329 |   713 |   937 ||  2148
       Battleaxe         |       |       |       |       |   121 ||   121
Throw: Dart              |    19 |    24 |    31 |    31 |    21 ||   126
Invok: Depart the Abyss  |       |       |     1 |       |       ||     1
       Banish            |       |       |       |    10 |    12 ||    22
Evoke: Wand              |       |     1 |     4 |     9 |     1 ||    15
       Box of beasts     |       |       |       |       |     1 ||     1
       Condenser vane    |       |       |       |       |     1 ||     1
  Use: Scroll            |     3 |     2 |    13 |     4 |     7 ||    29
       Potion            |       |     2 |     4 |     4 |     6 ||    16
 Stab: Invisible         |       |       |       |       |    12 ||    12
       Distracted        |       |       |       |       |     1 ||     1
Armor: Scale mail        |    30 |    35 |    90 |       |       ||   155
       Chain mail        |       |       |   113 |   400 |   553 ||  1066
       Plate armour      |       |       |       |   155 |       ||   155
Dodge: Dodged            |    39 |    30 |   135 |   331 |   477 ||  1012
       Repelled          |       |       |       |     1 |       ||     1
Block: Buckler           |    19 |    16 |    75 |   199 |   400 ||   709
       Other             |       |       |       |       |     7 ||     7

Table legend: (Time is in decaauts)
 A = Elapsed time spent in this place.
 B = Non-inter-level travel time spent in this place.
 C = Inter-level travel time spent in this place.
 D = Time resting spent in this place.
 E = Time spent auto-exploring this place.
 F = Levels seen in this place.
 G = Mean time per level.
                   A        B        C        D        E       F      G
               +--------+--------+--------+--------+--------+-----+--------+
         Total |  25892 |  24352 |   1540 |   5987 |  13070 |  22 | 1176.9 |
       Dungeon |  15045 |  13907 |   1138 |   3348 |   7485 |  12 | 1253.8 |
          Lair |   7711 |   7337 |    374 |   1077 |   4949 |   6 | 1285.2 |
  Orcish Mines |   1550 |   1523 |     27 |    574 |    513 |   2 |  775.0 |
         Abyss |     33 |     33 |      0 |     22 |      0 |   1 |   33.0 |
        Bailey |   1552 |   1552 |      0 |    965 |    123 |   1 | 1552.0 |
               +--------+--------+--------+--------+--------+-----+--------+

Top non-repeatable levels by time:
     D:9: 2181 daAuts
  Lair:5: 2082 daAuts
     D:4: 1873 daAuts
  Lair:4: 1604 daAuts
    D:11: 1567 daAuts
  Bailey: 1552 daAuts
  Lair:3: 1447 daAuts
    D:12: 1337 daAuts
     D:2: 1332 daAuts
  Lair:1: 1276 daAuts
  Lair:2: 1269 daAuts
   Orc:1: 1192 daAuts
    D:10: 1137 daAuts
     D:3: 1077 daAuts
     D:7: 1034 daAuts
